 Dungeon Sprint DCSS version 0.31-a0-18-gea43df2a32 (webtiles) character file.

Game seed: 15693156495461704012

102 sircluck the Skirmisher (level 4, -7/41 HPs)
             Began as a Minotaur Hunter on May 11, 2023.
             Mangled by a water elemental (14 damage)
             ... in the Dungeon (Sprint III: "The Ten Rune Challenge").
             The game lasted 00:00:26 (213 turns).

sircluck the Skirmisher (Minotaur Hunter)            Turns: 213, Time: 00:00:26

Health: -7/41      AC:  3    Str: 17    XL:     4   Next: 50%
Magic:  3/3        EV: 12    Int:  6    God:
Gold:   0          SH:  0    Dex: 14    Spells: 3/3 levels left

rFire   . . .        a - +0 shortbow
rCold   . . .        (shield currently unavailable)
rNeg    . . .        c - +0 leather armour
rPois   .            (helmet restricted)
rElec   .            (no cloak)
rCorr   .            (no gloves)
SInv    .            (no boots)
Will    .....        (no amulet)
Stlth   +            (no ring)
HPRegen 0.26/turn    (no ring)
MPRegen 0.08/turn

%: no teleportation
@: engulfed (cannot breathe)
A: horns 2, retaliatory headbutt
a: no special abilities


You were in the Dungeon.
You visited 1 branch

Inventory:

Hand Weapons
 a - a +0 shortbow (weapon)
Missiles
 j - 6 stones
Armour
 c - a +0 leather armour (worn)
Scrolls
 b - a scroll of immolation
 i - a scroll of blinking
Potions
 d - a potion of curing
 e - a potion of heal wounds
 f - a potion of haste
 g - 3 potions of magic
 h - a potion of berserk rage


   Skills:
 + Level 4.7 Fighting
 + Level 9.6 Ranged Weapons
 + Level 1.9 Armour
 + Level 3.3 Dodging
 + Level 0.7 Stealth


You had 3 spell levels left.
You didn't know any spells.
Your spell library was empty.

Dungeon Overview and Level Annotations

Branches:
Dungeon (1/1)

Altars:


Innate Abilities, Weirdness & Mutations

You have a pair of horns on your head.
You reflexively headbutt those who attack you in melee.


Message History

You shoot an arrow. The arrow hits the scorpion.
The scorpion is severely wounded.
The scorpion closely misses you. You furiously retaliate!
You headbutt the scorpion!
You kill the scorpion!
Your Fighting skill increases to level 4!
Your Ranged Weapons skill increases to level 9!
Your Dodging skill increases to level 3!
You have reached level 4!
You feel agile.
You open the door.
A water elemental comes into view.
You shoot an arrow. The arrow hits the water elemental.
The water elemental is lightly damaged.
You shoot an arrow.
The arrow hits the water elemental but does no damage.
The water elemental hits you!!
The water elemental engulfs you in water!
You shoot an arrow.
The arrow closely misses the water elemental.
Your lungs strain for air!
The water elemental hits you.
You are too injured to fight recklessly!
You are too injured to fight recklessly!
You are too injured to fight recklessly!
You are too injured to fight recklessly!
You are too injured to fight recklessly!
You are too injured to fight recklessly!
You are too injured to fight recklessly!
You are too injured to fight recklessly!
You are too injured to fight recklessly!
You are too injured to fight recklessly!
You are too injured to fight recklessly!
You are too injured to fight recklessly!
You shoot an arrow.
The arrow completely misses the water elemental.
* * * LOW HITPOINT WARNING * * *
Your lungs strain for air!
The water elemental hits you!
You die...

▓▓▓▓▓▓▓▓ ▓▓▓ <..#...####
##.# ...#......## #..#
..##.......# #..#
##.##.##..†# #..# #+#+#
##.##.###).# +#..#......
#.####.##..# #..@E.⌠....
.###..##..####...#...###
#.....##..###....# ⌠.#
###†.##...##.....# .#
##..##....#......# #
#..###..##.#.....# #..#
#..#####....# ▓▓▓▓ ▓▓▓▓
▓▓▓▓▓▓


You could see a water elemental.

Vanquished Creatures
  A scorpion (D)
  Jessica (D)
  A human (D)
  An endoplasm (D)
  2 rats (D)
6 creatures vanquished.

Notes
Turn   | Place    | Note
-------+----------+-------------------------------------------
     0 | D        | sircluck the Minotaur Hunter began the quest for the Orb.
     0 | D        | Reached XP level 1. HP: 18/18 MP: 0/0
     8 | D        | Reached skill level 5 in Ranged Weapons
    38 | D        | Noticed Jessica
    46 | D        | Killed Jessica
    47 | D        | Reached skill level 7 in Ranged Weapons
    47 | D        | Reached skill level 1 in Armour
    47 | D        | Reached XP level 2. HP: 18/26 MP: 1/1
    47 | D        | Reached XP level 3. HP: 21/31 MP: 2/2
   100 | D        | Reached skill level 8 in Ranged Weapons
   146 | D        | Noticed a scorpion
   153 | D        | Killed a scorpion
   154 | D        | Reached skill level 9 in Ranged Weapons
   154 | D        | Reached XP level 4. HP: 28/41 MP: 3/3
   209 | D        | Noticed a water elemental
   213 | D        | Mangled by a water elemental

Illustrated notes

Levels and vault maps discovered:
D:        dungeon_sprint_mu [sprint_mu_entry_cave, sprint_mu_temple_rooms,
          sprint_mu_d1_horrors, sprint_mu_d2_genie, sprint_mu_d3_branching,
          sprint_mu_orc_legion, sprint_mu_elf_gauntlet, sprint_mu_hive_nellie,
          sprint_mu_lair_fedhas, sprint_mu_vaults_butterflies,
          sprint_mu_slime_circle, sprint_mu_swamp_cave, sprint_mu_snake_twists,
          sprint_mu_blade_basic, sprint_mu_crypt_lich, sprint_mu_tomb_spiral,
          sprint_mu_vestibule_basic, sprint_mu_gehenna_hellfire,
          sprint_mu_dis_giant, sprint_mu_tartarus_statrot,
          sprint_mu_cocytus_islands, sprint_mu_zot1]

Skill      XL: |  1  2  3 |
---------------+----------+-----
Ranged Weapons | 7 9 |  9.6
Fighting       | 3 4 |  4.7
Armour         | 1 |  1.9
Dodging        | 3 |  3.3
Stealth        | |  0.7

Action                     |  1- 3 |  4- 6 || total
---------------------------+-------+-------++-------
   Fire: Shortbow          |    28 |     4 ||    32
 Armour: Leather armour    |     1 |       ||     1
  Dodge: Dodged            |     7 |       ||     7

Table legend: (Time is in decaauts)
 A = Elapsed time spent in this place.
 B = Non-inter-level travel time spent in this place.
 C = Inter-level travel time spent in this place.
 D = Time resting spent in this place.
 E = Time spent auto-exploring this place.
 F = Levels seen in this place.
 G = Mean time per level.
                   A        B        C        D        E       F      G
               +--------+--------+--------+--------+--------+-----+--------+
         Total |    218 |    218 |      0 |      0 |    168 |   1 |  218.0 |
       Dungeon |    218 |    218 |      0 |      0 |    168 |   1 |  218.0 |
               +--------+--------+--------+--------+--------+-----+--------+

Top non-repeatable levels by time:
       D: 218 daAuts
